 Dungeon Crawl Stone Soup version 0.27-a0-1219-g958d993ae5 (webtiles) character file.

Game seed: 8772183959430604152

576 polve the Skirmisher (level 7, -1/87 HPs)
             Began as a Demonspawn Abyssal Knight on June 6, 2021.
             Was a Priest of Lugonu.
             Succumbed to a gnoll's poison
             ... on level 4 of the Dungeon.
             The game lasted 00:06:08 (5464 turns).

polve the Skirmisher (Demonspawn Abyssal Knight)    Turns: 5464, Time: 00:06:09

Health: -1/87      AC: 23    Str: 15    XL:     7   Next: 12%
Magic:  7/8        EV:  2    Int: 13    God:    Lugonu [***...]
Gold:   288        SH:  0    Dex: 12    Spells: 6/6 levels left

rFire    . . .     SeeInvis .   b - +0 dagger (venom)
rCold    . . .     Faith    .   (no shield)
rNeg     + + +     Spirit   .   (armour currently unavailable)
rPois    +         Reflect  .   (helmet currently unavailable)
rElec    .         Harm     .   (cloak currently unavailable)
rCorr    .         Rampage  .   (gloves currently unavailable)
Will     .....     NoTele   +   (boots currently unavailable)
Stlth    +.........             (no amulet)
HPRegen  0.24/turn              (no ring)
MPRegen  0.11/turn              (no ring)

@: lethally poisoned (-1 -> -11), tree-form
A: stationary, stasis, torment immunity, boosted hp, (claws 1), demonic guardian
1
a: Renounce Religion, Depart the Abyss, Bend Space, Banish


You were on level 4 of the Dungeon.
You worshipped Lugonu.
Lugonu was most pleased with you.
You were a tree.
You visited 1 branch of the dungeon, and saw 4 of its levels.
You visited the Abyss 1 time.

You collected 288 gold pieces.

Inventory:

Hand Weapons
 a - a +1 short sword
 b - a +0 dagger of venom (weapon)
Missiles
 n - a throwing net
Armour
 f - a +2 hat (melded)
 j - a +0 scale mail (melded)
 k - a +0 cloak (melded)
Wands
 l - a wand of polymorph (8)
Scrolls
 c - a scroll of enchant weapon {unknown}
 e - a scroll of immolation {unknown}
 h - a scroll of fog {unknown}
 i - a scroll of teleportation {unknown}
 m - 3 scrolls of identify {unknown}
 o - a scroll of noise {unknown}
Potions
 d - a potion of cancellation
 p - a potion of might


   Skills:
 - Level 6.0 Fighting
 - Level 4.0 Short Blades
 + Level 3.0 Armour
 + Level 2.5 Dodging
 * Level 0.2 Unarmed Combat
 - Level 2.4 Invocations


You had 6 spell levels left.
You didn't know any spells.
Your spell library contained the following spells:

 Spells                   Type           Power      Damage    Failure   Level
 Freeze                   Ice            0%         1d3       30%         1
 Summon Small Mammal      Summ           0%         N/A       30%         1
 Call Imp                 Summ           0%         N/A       43%         2
 Call Canine Familiar     Summ           0%         N/A       67%         3
 Frozen Ramparts          Ice            0%         1d2       67%         3
 Ozocubu's Armour         Ice            0%         N/A       67%         3
 Summon Guardian Golem    Hex/Summ       0%         N/A       67%         3
 Hailstorm                Conj/Ice       0%         3d3       97%         4
 Summon Ice Beast         Ice/Summ       0%         N/A       97%         4
 Summon Lightning Spire   Summ/Air       0%         N/A       97%         4
 Metabolic Englaciation   Hex/Ice        0%         N/A       100%        5


Dungeon Overview and Level Annotations

Branches:
Dungeon (4/15)             Temple (0/1) D:4

Altars:
Okawaru

Shops:
D:3 [


Innate Abilities, Weirdness & Mutations

You are a tree.
Your roots penetrate the ground, keeping you stationary.
You cannot be teleported.
You are immune to unholy pain and torment.
Your maximum health is greatly increased.
Your equipment is partially melded.
((You have sharp fingernails.))
A weak demonic guardian rushes to your aid.


Message History

You kill the adder!
Lugonu accepts your kill.
You feel sick.
You feel sick.
You feel sick.
You are no longer poisoned.
The gnoll hits you with a +2 halberd of venom!
You are poisoned.
You barely miss the gnoll.
You feel very sick.
You barely miss the gnoll.
You feel very sick. The gnoll closely misses you.
You hit the gnoll.
The gnoll is poisoned.
The gnoll is lightly wounded.
You feel sick. The gnoll hits you but does no damage.
You are more poisoned.
You hit the gnoll.
The gnoll is lightly wounded.
* * * LOW HITPOINT WARNING * * *
You feel sick. The gnoll closely misses you.
* * * LOW HITPOINT WARNING * * *
You feel very sick. The gnoll barely misses you.
* * * LOW HITPOINT WARNING * * *
You feel sick.
It was a potion of lignification.
You turn into a tree.
Your +0 cloak melds into your body.
Your +2 hat melds into your body.
Your +0 scale mail melds into your body.
Your roots penetrate the ground.
You feel sick.
The gnoll hits you from afar with a +2 halberd of venom.
* * * LOW HITPOINT WARNING * * *
A demonic guardian appears!
You are lethally poisoned!
Space bends around you!
You blink.
* * * LOW HITPOINT WARNING * * *
You feel very sick.
* * * LOW HITPOINT WARNING * * *
You feel very sick.
You die... .(....o....#..... # ..##§ #.......########+## # ...## #......... #.....# § #......... #...$.. ≈§≈ #......... #...... #≈≈≈ #......... 'g.....

≈§§#§........ '......
§§≈.........
#############§§§♣.......
.........g...5§≈........
#'######################
#....# #....# #....#
#....# #....# ##'#.#


You could see a friendly quasit (summoned).

Vanquished Creatures
  2 ogres (D:4)
  An orc priest (D:4)
  Crazy Yiuf (D:2)
  A gnoll shaman (D:4)
  Jessica (D:2)
  An iguana (D:4)
  Robin (D:2)
  5 adders
  4 gnolls (D:4)
  2 dart slugs
  5 orcs
  5 ball pythons
  4 bats
  4 endoplasms
  4 giant cockroaches
  16 goblins
  2 hobgoblins
  3 jackals
  3 quokkas
  5 frilled lizards
  4 kobolds
  7 rats
81 creatures vanquished.

Vanquished Creatures (collateral kills)
  An ogre (D:4)
  3 gnolls
  A goblin (D:2)
  A hobgoblin (D:2)
6 creatures vanquished.

Grand Total: 87 creatures vanquished

Notes
Turn   | Place    | Note
-------+----------+-------------------------------------------
     0 | Abyss:1  | polve the Demonspawn Abyssal Knight began the quest for the
                  | Orb.
     0 | Abyss:1  | Reached XP level 1. HP: 18/18 MP: 2/2
    39 | Abyss:1  | Noticed a spatial maelstrom
    39 | Abyss:1  | Noticed a spatial vortex
    39 | Abyss:1  | Noticed a spatial vortex
    40 | Abyss:1  | Noticed a spatial vortex
    40 | D:1      | Escaped the Abyss
   137 | D:1      | Reached * piety under Lugonu
   141 | D:1      | Gained mutation: A weak demonic guardian rushes to your
                  | aid. [demonic ancestry]
   141 | D:1      | Reached XP level 2. HP: 12/24 MP: 3/3
   854 | D:2      | Noticed Jessica
  1014 | D:2      | Killed Jessica
  1015 | D:2      | Reached XP level 3. HP: 5/29 MP: 4/4
  1299 | D:2      | Found a faded altar of an unknown god.
  1359 | D:2      | Reached XP level 4. HP: 9/35 MP: 5/5
  1667 | D:2      | Noticed Robin
  1716 | D:2      | Reached ** piety under Lugonu
  2025 | D:2      | Killed Robin
  2315 | D:2      | Found a runed translucent door.
  2316 | D:2      | Noticed Crazy Yiuf
  2583 | D:2      | Killed Crazy Yiuf
  2584 | D:2      | Reached skill level 4 in Fighting
  2584 | D:2      | Reached XP level 5. HP: 29/42 MP: 6/6
  2743 | D:3      | Found Foatt's Antique Armour Emporium.
  3878 | D:4      | Found a staircase to the Ecumenical Temple.
  3903 | D:4      | Noticed an ogre
  3920 | D:4      | Killed an ogre
  3921 | D:4      | Reached skill level 5 in Fighting
  3921 | D:4      | Reached XP level 6. HP: 32/51 MP: 7/7
  4190 | D:4      | Reached skill level 6 in Fighting
  4190 | D:4      | Reached skill level 1 in Dodging
  4782 | D:4      | Gained mutation: You have sharp fingernails. [demonic
                  | ancestry]
  4782 | D:4      | Reached XP level 7. HP: 43/58 MP: 8/8
  5310 | D:4      | Reached *** piety under Lugonu
  5325 | D:4      | Found an iron altar of Okawaru.
  5462 | D:4      | HP: 4/87 [poisoned by a gnoll]
  5464 | D:4      | Succumbed to a gnoll's poison

Illustrated notes

Levels and vault maps discovered:
D:1:      pf_arrival_petrified_forest, layout_rooms
D:2:      layout_rooms, ebering_ecumenical_altar_hall, uniq_crazy_yiuf_cottage,
          uniq_robin, uniq_jessica
D:3:      minmay_inner_zag, layout_rooms, serial_shops, shop
D:4:      cheibrodos_quashed, layout_gridville, old_standard_altar,
          minmay_temple_entry_overgrown, minmay_stone_trees_medium,
          grunt_ministairs_15, kennysheep_opposing_triangles

Skill      XL: |  1  2  3  4  5  6  7 |
---------------+----------------------+-----
Short Blades   | 2 3 4 |  4.0
Fighting       | 4 5 6 |  6.0
Dodging        | 2 |  2.5
Armour         | 2 3 |  3.0
Unarmed Combat | |  0.2
Invocations    | |  2.4

Action                   |  1- 3 |  4- 6 |  7- 9 || total
-------------------------+-------+-------+-------++-------
Melee: Short sword       |    76 |       |       ||    76
       Dagger            |    27 |   183 |    41 ||   251
Invok: Depart the Abyss  |     1 |       |       ||     1
       Bend Space        |       |       |     1 ||     1
  Use: Potion            |     2 |       |     2 ||     4
 Stab: Sleeping          |     1 |       |       ||     1
Armor: Leather armour    |    40 |    14 |       ||    54
       Scale mail        |       |    44 |    15 ||    59
Dodge: Dodged            |    53 |    77 |    18 ||   148

Table legend: (Time is in decaauts)
 A = Elapsed time spent in this place.
 B = Non-inter-level travel time spent in this place.
 C = Inter-level travel time spent in this place.
 D = Time resting spent in this place.
 E = Time spent auto-exploring this place.
 F = Levels seen in this place.
 G = Mean time per level.
                   A        B        C        D        E       F      G
               +--------+--------+--------+--------+--------+-----+--------+
         Total |   5417 |   5303 |    114 |    350 |   4129 |   5 | 1083.4 |
       Dungeon |   5377 |   5263 |    114 |    350 |   4090 |   4 | 1344.2 |
         Abyss |     40 |     40 |      0 |      0 |     39 |   1 |   40.0 |
               +--------+--------+--------+--------+--------+-----+--------+

Top non-repeatable levels by time:
     D:2: 1451 daAuts
     D:4: 1413 daAuts
     D:3: 1297 daAuts
     D:1: 1214 daAuts
 Abyss:1: 40 daAuts
